AoeStats
← JaggedJimmyJay

Marketplace

505998118Analyzed
1v1 RM · 22d ago on Sep 12, 2026· 46m 52s· 2 players
Game mode
Random Map
Map size
Tiny (2 player)
Population
200
Speed
Normal
Resources
Standard
Victory
Conquest
Starting age
Dark Age
Ending age
Imperial Age
RankedLock teamsTeams togetherTeam positionsShared explorationLock speedFull tech treeHidden civsTurbo modeCheats
Victory
Defeat
🇺🇸 Inca · United States
1006
+16
🇺🇸 Turks · United States
1016
-16
Violet storm
8:00 Loom
9:53 Feudal Age
10:49 Horse Collar
12:27 Double-Bit Axe
14:52 Champi Runner
17:35 Arson
18:58 Forging
20:10 Wheelbarrow
19:41 Scale Mail Armor
20:29 Fletching
23:36 Castle Age
22:33 Padded Archer Armor
23:58 Town Watch
25:08 Heavy Plow
24:35 Champi Warrior
25:56 Bodkin Arrow
28:25 Elite Skirmisher
29:33 Squires
29:56 Bow Saw
30:54 Hand Cart
30:24 Loom
31:50 Town Patrol
31:59 Thumb Ring
32:18 Gold Mining
34:08 Leather Archer Armor
35:33 Pikeman
36:33 Chain Mail Armor
40:23 Imperial Age
38:26 Caravan
40:08 Iron Casting
40:11 Ballistics
40:20 Stone Mining
41:06 Gold Shaft Mining
41:12 Gold Shaft Mining
40:48 Elite Champi Warrior
40:48 Halberdier
42:03 Plate Mail Armor
42:34 Blast Furnace
42:07 Ring Archer Armor
41:38 Bracer
42:41 Blast Furnace
42:11 Ring Archer Armor
44:00 Fabric Shields
44:00 Andean Sling
45:53 Conscription
JaggedJimmyJay
4:43 Loom
10:20 Feudal Age
19:11 Castle Age
23:21 Stone Mining
23:25 Gold Mining
26:22 Double-Bit Axe
27:28 Padded Archer Armor
27:13 Horse Collar
29:19 Town Watch
29:35 Town Watch
32:26 Wheelbarrow
32:29 Gold Shaft Mining
32:21 Bloodlines
34:18 Forging
34:17 Scale Barding Armor
34:57 Hand Cart
37:36 Imperial Age
35:28 Husbandry
36:18 Iron Casting
40:12 Chain Barding Armor
41:47 Blast Furnace
40:39 Fletching
41:12 Masonry
43:22 Ballistics
44:51 Leather Archer Armor
45:12 Plate Barding Armor
Connection lost

Rejoining the realm…

Still unreachable

The connection could not be restored.

Session expired

The server has moved on; the page needs a fresh start.